 Dungeon Crawl Stone Soup version 0.30-b1-2-g02819fbbbe (webtiles) character file.

Game seed: 4391710514895163410

24 sentinel the Shield-Bearer (level 3, -4/23 HPs)
             Began as a Gargoyle Fighter on May 21, 2023.
             Slain by Terence
             ... wielding a +2 mace of protection
              (6 damage)
             ... on level 2 of the Dungeon.
             The game lasted 00:00:35 (1011 turns).

sentinel the Shield-Bearer (Gargoyle Fighter)       Turns: 1011, Time: 00:00:36

Health: -4/23      AC: 10    Str: 21    XL:     3   Next: 2%
Magic:  3/3        EV:  9    Int:  8    God:
Gold:   102        SH:  4    Dex:  9    Spells: 2/2 levels left

rFire   . . .        a - +0 war axe
rCold   . . .        c - +0 buckler
rNeg    + . .        b - +0 scale mail
rPois   ∞            (no helmet)
rElec   +            (no cloak)
rCorr   .            (no gloves)
SInv    .            (no boots)
Will    .....        (no amulet) Stlth
                     (no ring)
HPRegen 0.23/turn    (no ring)
MPRegen 0.08/turn

%: no passive effects
@: no status effects
A: sickness immunity, AC +3, negative energy resistance 1, electricity
resistance, torment resistance 1, petrification resistance
a: no special abilities


You were on level 2 of the Dungeon.
You visited 1 branch of the dungeon, and saw 2 of its levels.

You collected 102 gold pieces.

Inventory:

Hand Weapons
 a - a +0 war axe (weapon)
Armour
 b - a +0 scale mail (worn)
 c - a +0 buckler (worn)
Scrolls
 e - 3 scrolls of identify {unknown}
 h - 3 scrolls of enchant weapon {unknown}
Potions
 d - a potion of might
 f - a potion of flight {unknown}
 g - a potion of lignification {unknown}
 i - a potion of mutation {unknown}
 j - a potion of degeneration {unknown}


   Skills:
 - Level 3.2 Fighting
 + Level 3.1 Axes
 - Level 3.2 Armour
 - Level 3.2 Shields


You had 2 spell levels left.
You didn't know any spells.
Your spell library was empty.

Dungeon Overview and Level Annotations

Branches:
Dungeon (2/15) Zot: 10947

Altars:

Annotations:
D:2 Terence


Innate Abilities, Weirdness & Mutations

You are immune to sickness and miasma.
Your stone body is resilient. (AC +3)
You are immune to poison.
You resist negative energy. (rN+)
You are resistant to electric shocks. (rElec)
You are resistant to unholy torment.
You are immune to petrification.


Message History

No target in view!
No target in view!
No target in view!
No target in view!
No target in view!
There is a stone staircase leading down here.
A quokka comes into view.
But you're not safe! But you're not safe! But you're not safe!
But you're not safe! But you're not safe! But you're not safe!
But you're not safe! But you're not safe! But you're not safe!
The quokka bites you but does no damage.
You slash the quokka!
You kill the quokka!
You have reached level 3!
Your experience leads to an increase in your attributes!
Increase (s)trength, (i)ntelligence, or (d)exterity?
You feel stronger. x2
No target in view!
h - 3 scrolls labelled QOSKISOMYM (gained 1)
You now have 76 gold pieces (gained 11).
Found a stone staircase leading down.
There is a stone staircase leading down here.
There is a stone staircase leading down here.
e - 3 scrolls labelled DIULEO XING (gained 1)
You enter the shallow water.
Moving in this stuff is going to be slow.
There is a stone staircase leading down here.
There is a stone staircase leading down here.
You enter the shallow water.
Moving in this stuff is going to be slow.
Partly explored, can't reach some places.
Partly explored, can't reach some places.
Partly explored, can't reach some places.
Partly explored, can't reach some places.
Partly explored, can't reach some places.
Partly explored, can't reach some places.
Partly explored, can't reach some places.
Partly explored, can't reach some places.
Partly explored, can't reach some places.
No target in view!
No target in view!
No target in view!
No target in view!
No target in view!
No target in view!
No target in view!
No target in view!
No target in view!
No target in view!
No target in view!
No target in view!
No target in view!
(D) Dungeon
Where to? (? - help)
You enter the shallow water.
Moving in this stuff is going to be slow.
There is a stone staircase leading down here.
You climb downwards.
There is a stone staircase leading up here.
A bat comes into view.
But you're not safe! But you're not safe! But you're not safe!
But you're not safe! But you're not safe! But you're not safe!
The bat hits you but does no damage.
You miss the bat. The bat hits you but does no damage.
You hit the bat.
You kill the bat!
No target in view!
No target in view!
No target in view!
No target in view!
No target in view!
No target in view!
No target in view!
No target in view!
No target in view!
No target in view!
No target in view!
No target in view!
No target in view!
No target in view!
No target in view!
i - a pink potion You now have 84 gold pieces (gained 8).
You now have 102 gold pieces (gained 18).
j - a fizzy amethyst potion Terence the Incautious comes into view.
He is wielding a +2 mace of protection.
You aren't carrying any items that you can evoke.
Unknown command.
Okay, then.
You don't know any spells.
You block Terence's attack.
You barely miss Terence.
Terence hits you with a +2 mace of protection!
Terence hits you with a +2 mace of protection.
You hit Terence but do no damage. You block Terence's attack.
You hit Terence but do no damage. Terence hits you but does no damage.
You hit Terence.
Terence is moderately wounded.
Terence completely misses you. Terence barely misses you.
You hit Terence.
Terence is heavily wounded.
Terence hits you with a +2 mace of protection.
You hit Terence but do no damage.
Terence is heavily wounded.
Terence closely misses you.
You completely miss Terence.
Terence is heavily wounded.
Terence hits you with a +2 mace of protection.
You block Terence's attack.
You barely miss Terence.
Terence is heavily wounded.
Terence closely misses you.
You slash Terence!
Terence is severely wounded.
You block Terence's attack.
You barely miss Terence.
Terence is severely wounded.
You block Terence's attack.
Terence hits you with a +2 mace of protection.
* * * LOW HITPOINT WARNING * * *
You hit Terence.
Terence is almost dead.
Terence hits you but does no damage.
You hit Terence but do no damage.
Terence is almost dead.
Terence hits you with a +2 mace of protection.
* * * LOW HITPOINT WARNING * * *
Terence barely misses you.
HP warning!
You closely miss Terence.
Terence is severely wounded.
Terence screams, "I want your blood!" You block Terence's attack.
HP warning!
You hit Terence but do no damage.
Terence is severely wounded.
Terence asks, "Do you want it fast or slow?"
Terence hits you but does no damage.
Terence hits you with a +2 mace of protection.
You die...

...# ..# ..# ... #.#
#.# #@### #@#.. #.#.#
#.#.# #.#.#
#.#.#########..##
#................
########.####.########
##......#.......#
..........#...#.#


You could see Terence.

Vanquished Creatures
  A dart slug (D:1)
  A ball python (D:1)
  3 endoplasms (D:1)
  2 giant cockroaches (D:1)
  2 hobgoblins (D:1)
  3 jackals (D:1)
  A quokka (D:1)
  A bat (D:2)
  A frilled lizard (D:1)
  3 kobolds (D:1)
  A rat (D:1)
19 creatures vanquished.

Vanquished Creatures (others)
  4 plants (D:1)
4 creatures vanquished.

Grand Total: 23 creatures vanquished

Notes
Turn   | Place    | Note
-------+----------+-------------------------------------------
     0 | D:1      | sentinel the Gargoyle Fighter began the quest for the Orb.
     0 | D:1      | Reached XP level 1. HP: 14/14 MP: 1/1
   275 | D:1      | Reached XP level 2. HP: 19/19 MP: 2/2
   747 | D:1      | Reached XP level 3. HP: 23/23 MP: 3/3
   994 | D:2      | Noticed Terence
  1009 | D:2      | HP: 1/23 [Terence/+2 mace of protection (6)]
  1011 | D:2      | Slain by Terence

Illustrated notes

Levels and vault maps discovered:
D:1:      lightli_molten_gateway, layout_loops_ring, nicolae_eternal_life,
          serial_bayou_lagoon_a
D:2:      layout_basic, uniq_terence

Skill      XL: |  1  2 |
---------------+-------+-----
Axes           | 2 3 |  3.1
Fighting       | |  3.2
Armour         | |  3.2
Shields        | |  3.2

Action                     || total
---------------------------++-------
  Melee: War axe           ||    64
 Armour: Scale mail        ||    26
  Dodge: Dodged            ||    29
  Block: Buckler           ||    21
